 Dungeon Crawl Stone Soup version 0.31-a0-431-g88bdf31460 (webtiles) character file.

Game seed: 17725982864385786

62 garrulousMonolith the Ruffian (level 3, -2/29 HPs)
             Began as a Draconian Shapeshifter on July 31, 2023.
             Was an Initiate of Trog.
             Succumbed to an adder's poison
             ... on level 3 of the Dungeon.
             The game lasted 00:01:31 (2120 turns).

garrulousMonolith the Ruffian (DrSh)                Turns: 2120, Time: 00:01:31

Health: -2/29      AC:  5    Str: 17    XL:     3   Next: 85%
Magic:  3/3        EV: 12    Int:  8    God:    Trog [......]
Gold:   94         SH:  0    Dex: 13    Spells: 2/2 levels left

rFire   + .          .
                       - Unarmed
rCold   + . .        (no shield)
rNeg    . . .        (body armour unavailable)
rPois   +            (helmet currently unavailable)
rElec   +            (cloak currently unavailable)
rCorr   +            (gloves currently unavailable)
SInv    .            (boots currently unavailable)
Will    .....        (no amulet)
Stlth   +            (no ring)
HPRegen 0.24/turn    (no ring)
MPRegen 0.08/turn

%: no passive effects
@: lethally poisoned (-2 -> -11), beast-form, resistant, attractive, hasted,
slow
A: beast (slay +2), AC +5, unfitting armour, cold-blooded
a: Begin Untransformation, Renounce Religion


You were on level 3 of the Dungeon.
You worshipped Trog.
Trog was noncommittal.
You were a hulking beast.
You visited 1 branch of the dungeon, and saw 3 of its levels.

You collected 94 gold pieces.

Inventory:

Jewellery
 f - a ring of magical power
 n - a +5 ring of evasion
Talismans
 b - a beast talisman (active)
Scrolls
 d - 2 scrolls of identify {unknown}
 g - a scroll of brand weapon {unknown}
 j - a scroll of vulnerability {unknown}
 m - a scroll of blinking {unknown}
Potions
 a - a potion of lignification
 c - a potion of resistance
 e - a potion of attraction
 h - a potion of haste
 i - a potion of heal wounds {unknown}
 k - 2 potions of cancellation {unknown}
 l - a potion of curing {unknown}


   Skills:
 + Level 1.8 Fighting
 + Level 2.2 Dodging
 * Level 3.7 Unarmed Combat
 * Level 3.5 Shapeshifting


You had 2 spell levels left.
You didn't know any spells.
Your spell library was empty.

Dungeon Overview and Level Annotations

Branches:
Dungeon (3/15)

Altars:
Trog

Portals:
Sewer: D:3


Innate Abilities, Weirdness & Mutations

You are a hulking beast.
Your limbs bulge with bestial killing power. (Slay +2)
Your plain brown scales are hard. (AC +5)
You cannot fit into any form of body armour.
You are cold-blooded and may be slowed by cold attacks.


Message History

You are too injured to fight recklessly!
You are too injured to fight recklessly!
You are too injured to fight recklessly!
You are too injured to fight recklessly!
You are too injured to fight recklessly!
You are too injured to fight recklessly!
You are too injured to fight recklessly!
You are too injured to fight recklessly!
You are too injured to fight recklessly!
You are too injured to fight recklessly!
You are too injured to fight recklessly!
You closely miss the adder.
You feel sick. The adder misses you.
You punch the adder! You tail-slap the adder.
The adder is almost dead.
You feel sick. The adder bites you.
You are more poisoned.
The adder poisons you!
Okay, then.
Your unstable footing causes you to fumble your attack.
You feel very sick. The adder bites you.
You are more poisoned.
The adder poisons you!
A jackal comes into view.
The adder barely misses you.
It was a potion of resistance.
You feel protected.
* * * LOW HITPOINT WARNING * * *
You feel very sick.
The jackal barks!
The adder closely misses you.
A jackal comes into view.
It was a potion of attraction.
You feel attractive to monsters.
* * * LOW HITPOINT WARNING * * *
You feel sick. The adder bites you.
* * * LOW HITPOINT WARNING * * *
The jackal is attracted toward you.
It was a potion of haste.
You feel yourself speed up.
You die...

... #∩# ... #~#
#.# #~# #.#
#~#####.#
#~#.....# ..
#~#.....## ....
#S#....<.#
.....#h#......#
...§..h........#
........[......#
.............^.#
#.............##
##...........##
###.......###
##......#
#......#


You could see an adder and a jackal.

Vanquished Creatures
  2 adders (D:2)
  An ufetubus (D:2)
  A dart slug (D:2)
  2 endoplasms (D:1)
  A giant cockroach (D:1)
  A goblin (D:2)
  3 hobgoblins
  4 jackals (D:2)
  5 kobolds (D:1)
  A quokka (D:1)
  4 ball pythons
  3 bats (D:1)
  4 frilled lizards
  3 rats
35 creatures vanquished.

Notes
Turn   | Place    | Note
-------+----------+-------------------------------------------
     0 | D:1      | garrulousMonolith the Draconian Shapeshifter began the
                  | quest for the Orb.
     0 | D:1      | Reached XP level 1. HP: 16/16 MP: 1/1
   166 | D:1      | Reached XP level 2. HP: 22/23 MP: 2/2
   172 | D:1      | Found a bloodstained altar of Trog.
   187 | D:1      | Became a worshipper of Trog the Wrathful
  1304 | D:2      | Reached XP level 3. HP: 28/28 MP: 3/3
  2112 | D:3      | Found a glowing drain.
  2119 | D:3      | HP: 1/29 [adder (3)]
  2120 | D:3      | Succumbed to an adder's poison

Illustrated notes

Levels and vault maps discovered:
D:1:      moated_graveyard_arrival, layout_basic, serial_rivers,
          chequers_serial_rivers_micro_c, chequers_serial_rivers_small_b,
          chequers_serial_rivers_micro_a, chequers_serial_rivers_small_3,
          chequers_serial_rivers_room_b, chequers_serial_rivers_small_b,
          minmay_hexomino_r4
D:2:      wander_river, layout_loops_corners, amcnicky_mini_pool_small,
          kennysheep_nub
D:3:      layout_rooms, portal_sewer_entry_d,
          dreamdust_ecumenical_altar_drowned_temple, minmay_misc_feat_enclosed,
          kennysheep_potato, uniq_natasha

Skill      XL: |  1  2 |
---------------+-------+-----
Dodging        | 2 |  2.2
Fighting       | |  1.8
Unarmed Combat | |  3.7
Shapeshifting  | |  3.5

Action                     || total
---------------------------++-------
  Melee: Unarmed           ||    80
         Tailslap          ||     8
         Punch             ||     1
    Use: Potion            ||     3
   Stab: Sleeping          ||     2
 Armour: Skin              ||    15
  Dodge: Dodged            ||    41

Table legend: (Time is in decaauts)
 A = Elapsed time spent in this place.
 B = Non-inter-level travel time spent in this place.
 C = Inter-level travel time spent in this place.
 D = Time resting spent in this place.
 E = Time spent auto-exploring this place.
 F = Levels seen in this place.
 G = Mean time per level.
                   A        B        C        D        E       F      G
               +--------+--------+--------+--------+--------+-----+--------+
         Total |   2134 |   2066 |     68 |      0 |   1857 |   3 |  711.3 |
       Dungeon |   2134 |   2066 |     68 |      0 |   1857 |   3 |  711.3 |
               +--------+--------+--------+--------+--------+-----+--------+

Top non-repeatable levels by time:
     D:1: 1266 daAuts
     D:2: 852 daAuts
     D:3: 15 daAuts
